 Dungeon Crawl Stone Soup version 0.24-a0-41-gf098211c9e (webtiles) character file.

Game seed: 11469161524100866658

11390 NormalPerson7T the Cleaver (level 11, 28/100 HPs)
             Began as a Deep Dwarf Fighter on Feb 3, 2019.
             Was a Priest of Makhleb.
             Quit the game on level 2 of the Abyss.
             The game lasted 00:08:55 (6450 turns).

NormalPerson7T the Cleaver (Deep Dwarf Fighter)     Turns: 6450, Time: 00:08:56

Health: 28/100     AC: 17    Str: 22    XL:     11   Next: 48%
Magic:  3/3        EV:  3    Int: 10    God:    Makhleb [***...]
Gold:   293        SH: 17    Dex: 12    Spells: 10/10 levels left

rFire    . . .     SeeInvis .   a - +1 war axe
rCold    . . .     Gourm    +   u - +0 large shield
rNeg     . . .     Faith    .   E - +0 plate armour
rPois    .         Spirit   .   q - +0 hat {MR+}
rElec    .         Reflect  .   (no cloak)
rCorr    .         Harm     .   (no gloves)
MR       ++...                  (no boots)
Stlth    ..........             g - amulet of the gourmand
HPRegen  0.00/turn              A - +3 ring of protection
MPRegen  0.08/turn              (no ring)

@: non-regenerating
A: damage resistance, heal wounds, sense surroundings 2, no regeneration
a: Heal Wounds, Minor Destruction, Lesser Servant of Makhleb, Renounce Religion


You were on level 2 of the Abyss.
You worshipped Makhleb.
Makhleb was most pleased with you.
You were very full.

You visited 2 branches of the dungeon, and saw 11 of its levels.
You visited the Abyss 1 time.

You collected 383 gold pieces.
You spent 90 gold pieces at shops.

Inventory:

Hand Weapons
 a - a +1 war axe (weapon)
Armour
 b - a +0 scale mail
 o - a +1 helmet
 p - a +0 chain mail
 q - a +0 hat of magic resistance (worn)
 u - a +0 large shield (worn)
 z - a +0 shield
 E - a +0 plate armour (worn)
Jewellery
 g - an amulet of the gourmand (around neck)
 A - a +3 ring of protection (left hand)
 H - an uncursed ring of ice {unknown}
Wands
 w - a wand of disintegration (13)
 y - a wand of flame (17)
 B - a wand of paralysis (8)
 C - a wand of acid (7)
 G - a wand of digging (3)
Scrolls
 i - a scroll of immolation
 k - a scroll of summoning {unknown}
 m - a scroll of fog
 r - 3 scrolls of remove curse
 s - 4 scrolls of magic mapping
 t - 3 scrolls of teleportation
 v - 3 scrolls of enchant weapon
 x - 2 scrolls of blinking
 F - a scroll of fear
Potions
 c - 2 potions of curing
 d - a potion of ambrosia
 f - a potion of haste
 h - 2 potions of heal wounds
 j - a potion of brilliance
 l - a potion of flight
 n - a potion of resistance
 D - a potion of berserk rage {unknown}
Comestibles
 e - 23 rations


   Skills:
 + Level 7.5 Fighting
 * Level 11.8 Axes
 + Level 9.1 Armour
 + Level 9.0 Shields
 * Level 8.8 Invocations


You had 10 spell levels left.
You didn't know any spells.
Your spell library was empty.

Dungeon Overview and Level Annotations

Branches:
Dungeon (10/15)            Temple (1/1) D:6            Lair (0/6) D:8
    Orc (0/2) D:9

Altars:
Ashenzari
Cheibriados
Dithmenos
Elyvilon
Fedhas
Gozag
Hepliaklqana
Kikubaaqudgha
Makhleb
Nemelex Xobeh
Okawaru
Qazlal
Ru
Sif Muna
Trog
Uskayaw
Vehumet
Wu Jian
Xom
Yredelemnul
Zin
The Shining One

Shops:
D:7 *

Annotations:
D:8 1 exclusion


Innate Abilities, Weirdness & Mutations

You are resistant to damage.
You can heal yourself by infusing magical energy.
You passively map the area around you.
You do not regenerate.


Message History

The large abomination is lightly damaged.
The large abomination hits you but does no damage.
Your shield and plate armour prevent you from hitting the large abomination.
The large abomination is lightly damaged.
The large abomination hits you but does no damage.
Your plate armour prevents you from hitting the large abomination.
The large abomination is lightly damaged.
The large abomination hits you!!
* * * LOW HITPOINT WARNING * * *
Your magical essence is drained by the effort!
You feel much better. The large abomination hits you!
You feel much better.
You hit the large abomination.
The large abomination is lightly damaged.
You block the large abomination's attack.
You closely miss the large abomination.
The large abomination is lightly damaged.
The large abomination hits you!!
* * * LOW HITPOINT WARNING * * *
Are you sure you want to abandon this character and quit the game? (Confirm with "yes".)

. ... .# #.#
#.####... # ..
....#. .# #
#.##..#.......
#.. ..
#...#.#...
.##..# . ..
..........#....
... #### #.
##..#..#.##.
#... .....
.#..@X...)..
.#..##
##........#.#..
# .
..#.##.!.#.##..#
. .. ###.
###...# ..#
...### # ..#.#
?# .#... ..
##..## .. #
#..## #.. .
..... # .## #
.....## . #.


You could see a large abomination.

Vanquished Creatures
  Gastronok (D:8)
  2 two-headed ogres
  A queen ant (D:9)
  Joseph (D:8)
  A gargoyle (D:9)
  A hornet (D:10)
  A troll (D:9)
  A wyvern (D:10)
  12 yaks
  Menkaure (D:4)
  A soldier ant (D:9)
  A water moccasin (D:10)
  3 sky beasts
  3 orc warriors
  A swamp drake (D:9)
  A black bear (D:7)
  5 ice beasts
  3 phantoms
  4 ogres
  3 centaurs
  An eye of draining (D:9)
  A crocodile (D:9)
  5 bullfrogs
  A scorpion (D:6)
  10 killer bees
  2 howler monkeys (D:9)
  4 crimson imps
  2 jellies
  A quasit (D:7)
  A hound (D:4)
  7 orc wizards
  A bullfrog skeleton (D:6)
  2 centaur skeletons
  7 orc priests
  An iguana (D:8)
  18 worker ants
  A killer bee zombie (D:6)
  A hound skeleton (D:6)
  A howler monkey skeleton (D:4)
  A worker ant zombie (D:6)
  4 gnolls (D:9)
  10 adders
  2 shadow imps
  2 oozes
  3 adder skeletons
  5 worms
  2 dart slugs (D:2)
  4 leopard geckos
  29 orcs
  9 giant cockroaches
  4 goblins (D:2)
  3 hobgoblins
  8 jackals
  8 kobolds
  8 quokkas
  5 bats
  4 frilled lizards
  A jackal skeleton (D:4)
  5 rats
231 creatures vanquished.

Vanquished Creatures (others)
  An orc warrior (D:9)
  An orc (D:9)
2 creatures vanquished.

Grand Total: 233 creatures vanquished

Notes
Turn   | Place    | Note
-------+----------+-------------------------------------------
     0 | D:1      | NormalPerson7T the Deep Dwarf Fighter began the quest for
                  | the Orb.
     0 | D:1      | Reached XP level 1. HP: 20/20 MP: 1/1
   100 | D:2      | Reached XP level 2. HP: 25/27 MP: 2/2
   147 | D:2      | Reached skill level 3 in Axes
   150 | D:2      | Reached XP level 3. HP: 26/33 MP: 3/3
   209 | D:2      | Found a white marble altar of Elyvilon.
   322 | D:2      | Reached XP level 4. HP: 25/42 MP: 4/4
   940 | D:3      | Reached skill level 4 in Axes
   954 | D:3      | Reached XP level 5. HP: 46/49 MP: 5/5
  1555 | D:4      | Noticed Menkaure
  1569 | D:4      | Killed Menkaure
  1569 | D:4      | Reached skill level 5 in Axes
  1569 | D:4      | Reached XP level 6. HP: 29/57 MP: 5/5
  1761 | D:4      | Reached XP level 7. HP: 23/64 MP: 6/6
  1942 | D:4      | Reached skill level 5 in Armour
  1942 | D:4      | Reached skill level 5 in Shields
  2170 | D:5      | Entered Level 5 of the Dungeon
  2210 | D:5      | Reached skill level 6 in Axes
  2330 | D:5      | Found a shimmering altar of Xom.
  2349 | D:5      | Found an iron altar of Okawaru.
  2350 | D:5      | Found a glowing golden altar of the Shining One.
  2352 | D:5      | Found a radiant altar of Vehumet.
  2396 | D:5      | Found an opulent altar of Gozag.
  2398 | D:5      | Found a blossoming altar of Fedhas.
  2400 | D:5      | Found an ancient bone altar of Kikubaaqudgha.
  2401 | D:5      | Found a sparkling altar of Nemelex Xobeh.
  2403 | D:5      | Found a basalt altar of Yredelemnul.
  2619 | D:5      | Reached XP level 8. HP: 48/73 MP: 7/7
  2744 | D:5      | You fall through a shaft for 3 floors!
  2788 | D:8      | Noticed a two-headed ogre
  2798 | D:8      | Killed a two-headed ogre
  2798 | D:8      | Reached skill level 5 in Fighting
  2798 | D:8      | Reached skill level 8 in Axes
  2847 | D:8      | Found a staircase to the Lair.
  3146 | D:8      | Noticed Joseph
  3177 | D:8      | Killed Joseph
  3177 | D:8      | Gained mutation: You passively map the area around you.
                  | [Deep Dwarf growth]
  3177 | D:8      | Reached XP level 9. HP: 41/81 MP: 7/7
  3280 | D:7      | Reached skill level 9 in Axes
  3508 | D:6      | Found Zin's Purification Station.
  3510 | D:6      | Found a glowing silver altar of Zin.
  3513 | D:6      | Bought a potion of curing for 90 gold pieces
  3743 | D:6      | Found a staircase to the Ecumenical Temple.
  3759 | Temple   | Entered the Ecumenical Temple
  3812 | Temple   | Became a worshipper of Makhleb the Destroyer
  3966 | D:6      | Reached skill level 1 in Invocations
  4061 | D:7      | Found a shimmering altar of Xom.
  4190 | D:7      | Found a hide-covered altar of Uskayaw.
  4484 | D:7      | Found Hadomein's Mass Market.
  4535 | D:7      | Found a shimmering altar of Xom.
  4536 | D:7      | Found a shimmering altar of Xom.
  4537 | D:7      | Found a shimmering altar of Xom.
  4538 | D:7      | Found a shimmering altar of Xom.
  4538 | D:7      | Found a shimmering altar of Xom.
  4756 | D:7      | Found a shimmering altar of Xom.
  4756 | D:7      | Found a shimmering altar of Xom.
  4757 | D:7      | Noticed a rime drake
  4816 | D:8      | Noticed Gastronok
  4865 | D:8      | Killed Gastronok
  4865 | D:8      | Reached skill level 10 in Axes
  4865 | D:8      | Reached skill level 5 in Invocations
  4865 | D:8      | Reached XP level 10. HP: 43/92 MP: 3/5
  5211 | D:9      | Reached * piety under Makhleb
  5286 | D:9      | Noticed a two-headed ogre
  5312 | D:9      | Killed a two-headed ogre
  5312 | D:9      | Reached skill level 11 in Axes
  5456 | D:9      | Found a staircase to the Orcish Mines.
  5463 | D:9      | Reached XP level 11. HP: 66/100 MP: 5/5
  5940 | D:9      | Reached ** piety under Makhleb
  6009 | D:9      | Noticed a queen ant
  6025 | D:9      | Killed a queen ant
  6089 | D:10     | Entered Level 10 of the Dungeon
  6190 | D:10     | Found a snail-covered altar of Cheibriados.
  6256 | D:10     | Reached *** piety under Makhleb
  6401 | D:10     | Cast into level 1 of the Abyss (orc wizard)
  6450 | Abyss:2  | Quit the game

Vault maps used:
D:1:      zelgadis_glass_arrival_small
D:2:      elyvilon_altar_3, first_ration
D:4:      kennysheep_generic_room_14, uniq_menkaure
D:5:      grunt_temple_overflow_open, nicolae_overflow_crystal_walls
D:6:      zin_purify, minmay_temple_entry_glassed_door, kennysheep_nondescript
D:7:      eat_drink_and_be_merry_uskayaw, the_bakery, minmay_shop_mass,
          grunt_ministairs_12, xom_shifter_show
D:8:      david_lair_shrubbed, uniq_gastronok, uniq_joseph
D:9:      erik_orc_1, minmay_another_anthill
D:10:     basic_altar, st_stairs_10, dk_rats_in_the_wall
Temple:   zaba_magenta_temple

Skill      XL: |  1  2  3  4  5  6  7  8  9 10 11 |
---------------+----------------------------------+-----
Axes           | 3 4 5 6 8 10 11 | 11.8
Fighting       | 3 4 5 6 7 |  7.5
Armour         | 4 5 6 8 9 |  9.1
Shields        | 4 5 6 8 9 |  9.0
Invocations    | 5 7 8 |  8.8

Action                   |  1- 3 |  4- 6 |  7- 9 | 10-12 || total
-------------------------+-------+-------+-------+-------++-------
Melee: War axe           |    90 |   203 |   411 |   414 ||  1118
 Abil: Heal Wounds       |       |     2 |    22 |    21 ||    45
  Use: Potion            |       |     1 |     5 |       ||     6
       Scroll            |       |       |    17 |     1 ||    18
  Eat: Chunk             |    12 |     5 |    11 |     6 ||    34
Armor: Scale mail        |    37 |    34 |       |       ||    71
       Chain mail        |       |    61 |   284 |    66 ||   411
       Skin              |       |       |    29 |       ||    29
       Plate armour      |       |       |       |   108 ||   108
Dodge: Dodged            |    32 |    36 |    87 |    32 ||   187
Block: Shield            |    62 |   113 |    46 |       ||   221
       Large shield      |       |       |   389 |   352 ||   741

Table legend:
 A = Non-vault XP
 B = Vault XP
 C = Vault XP percentage of total XP
 D = Non-vault monster count
 E = Vault monster count
 F = Vault count percentage of total count
                 A         B        C        D         E       F
            +---------+---------+-------+---------+---------+-------
      Total |   10519 |    5753 |  35.4 |     189 |      43 |  18.5
            +---------+---------+-------+---------+---------+-------
        D:1 |      11 |       0 |   0.0 |       6 |       0 |   0.0
        D:2 |     116 |       0 |   0.0 |      30 |       0 |   0.0
        D:3 |      83 |       0 |   0.0 |      18 |       0 |   0.0
        D:4 |     416 |     296 |  41.6 |      23 |       2 |   8.0
        D:5 |     652 |       0 |   0.0 |      11 |       0 |   0.0
        D:6 |     910 |       0 |   0.0 |      20 |       0 |   0.0
        D:7 |     769 |     120 |  13.5 |      14 |       2 |  12.5
        D:8 |    1064 |    3082 |  74.3 |      10 |       7 |  41.2
        D:9 |    3746 |    1954 |  34.3 |      27 |      29 |  51.8
       D:10 |    2752 |     301 |   9.9 |      30 |       3 |   9.1
            +---------+---------+-------+---------+---------+-------
